cohdb
Replays
Latest Replays
All Replays
Popular Replays
Top Player Replays
Match Explorer
How It Works
Community
CoH3 Stats
Reddit
Sign in to upload your games and track your stats! →
Sign in with Steam
Match 42545008
Unlisted
Match 42545008
Overview
Messages
Build Orders
End
Kettenkrad Recon Vehicle
Construct Infanterie Kompanie
Selects Terror Battlegroup
Selects Machine Gun Camouflage
Grenadier Squad
Grenadier Squad
Grenadier Squad
MG 42 Machine Gun Team
Construct Luftwaffe Kompanie
Jäger Squad
Jäger Squad
Jäger Squad
Medical Station
Selects No Quarter
Luftwaffe Officer Quarters
Jäger Squad
Pioneer Squad
Pioneer Squad
Support Elements
Jäger Squad
Wirbelwind Flakpanzer
Wirbelwind Flakpanzer
Jäger Squad
Selects King Tiger Heavy Tank
Jäger Squad
Construct Panzergrenadier Kompanie
Construct Panzer Kompanie
Panzer IV Medium Tank
Selects Interrogate
Selects Propaganda Leaflet Drop
Selects V1 Rocket Strike
Propaganda Leaflet Drop
Team saupiquet
extince
0
0
Comments
sign in to comment!
No comments posted yet!